 Dungeon Crawl Stone Soup version 0.30-a0-372-g0ce2686038 (webtiles) character file.

Game seed: 12046072920131657745

147 Elric the Gusty (level 5, -3/40 HPs)
             Began as a Draconian Air Elementalist on Nov 23, 2022.
             Slain by Pikel
             ... wielding a +2 whip of flaming
              (11 damage)
             ... on level 3 of the Dungeon.
             The game lasted 00:07:42 (2916 turns).

Elric the Gusty (Draconian Air Elementalist)        Turns: 2916, Time: 00:07:43

Health: -3/40      AC:  5    Str: 11    XL:     5   Next: 7%
Magic:  7/9        EV: 11    Int: 17    God:
Gold:   196        SH:  3    Dex: 11    Spells: 6/9 levels left

rFire   . . .      SeeInvis .    n - staff of air
rCold   . . .      Faith    .    e - +0 buckler
rNeg    . . .      Spirit   .    (body armour unavailable)
rPois   .          Reflect  .    (helmet restricted)
rElec   +          Harm     .    (no cloak)
rCorr   .          Rampage  .    (no gloves)
Will    .....                    (no boots)
Stlth   ++........               c - amulet of regeneration
HPRegen 1.06/turn                (no ring)
MPRegen 0.11/turn                (no ring)

@: very slightly contaminated
A: AC +5, unfitting armour, cold-blooded
a: no special abilities


You were on level 3 of the Dungeon.
You visited 1 branch of the dungeon, and saw 4 of its levels.

You collected 196 gold pieces.

Inventory:

Hand Weapons
 b - a +0 spear
Armour
 e - a +0 buckler (worn)
 r - a +0 cloak
 t - a +0 pair of gloves
Magical Staves
 n - a staff of air (weapon)
Jewellery
 c - an amulet of regeneration (around neck)
Scrolls
 d - 4 scrolls of immolation
 h - a scroll of poison {unknown}
 i - a scroll of blinking {unknown}
 m - a scroll of fog {unknown}
 p - 2 scrolls of vulnerability {unknown}
 q - a scroll of identify {unknown}
Potions
 f - 2 potions of curing {unknown}
 g - a potion of flight {unknown}
 j - a potion of might {unknown}
 k - 2 potions of heal wounds {unknown}
 l - 3 potions of mutation {unknown}
 o - 2 potions of ambrosia {unknown}
 s - a potion of degeneration {unknown}


   Skills:
 + Level 1.5 Fighting
 + Level 1.4 Polearms
 + Level 2.4 Dodging
 - Level 2.0 Stealth
 + Level 1.1 Shields
 + Level 2.6 Spellcasting
 + Level 2.0 Conjurations
 + Level 3.4 Air Magic


You had 6 spell levels left.
You knew the following spells:

 Your Spells              Type           Power      Damage    Failure   Level
a - Shock                 Conj/Air       68%        1d7       8%          1
b - Static Discharge      Conj/Air       34%        2-4/arc   12%         2

Your spell library contained the following spells:

 Spells                   Type           Power      Damage    Failure   Level
 Swiftness                Air            21%        N/A       17%         3
 Necrotise                Necr           8%         1d4       24%         1
 Airstrike                Air            10%        2d(2-18)  50%         4
 Portal Projectile        Hex/Tloc       4%         N/A       58%         3
 Tukima's Dance           Hex            2%         N/A       58%         3
 Vampiric Draining        Necr           2%         2d6       58%         3
 Agony                    Necr           2%         N/A       100%        5
 Blade Hands              Tmut           1%         N/A       100%        5


Dungeon Overview and Level Annotations

Branches:
Dungeon (4/15)
 Temple: D:4-7

Altars:

Annotations:
D:3 Pikel


Innate Abilities, Weirdness & Mutations

Your plain brown scales are hard. (AC +5)
You cannot fit into any form of body armour.
You are cold-blooded and may be slowed by cold attacks.


Message History

Unknown command.
Casting: Static Discharge (safe; 12% risk of failure)
Confirm with . or Enter, or press ? or * to list all spells.
You feel a surge of power!
Pikel is struck by an arc of lightning.
Pikel is severely wounded.
The lemure is struck by an arc of lightning.
The lemure is moderately wounded.
You resist.
You are struck by an arc of lightning.
The lemure is struck by an arc of lightning.
The lemure is heavily wounded.
The lightning grounds out.
You block the lemure's attack.
Pikel zaps a wand.
Your mind is blasted!
Pikel says, "All the lords of Hell know my name!"
Pikel zaps a wand.
Your mind is blasted!
The lemure hits you.
You closely miss Pikel.
Pikel is severely wounded.
Pikel hits you but does no damage. The lemure hits you but does no damage.
You block Pikel's attack.
You climb upwards.
There is a stone staircase leading down, spattered with blood here.
Magic courses through your body. The lemure hits you but does no damage.
Pikel closely misses you.
Casting: Static Discharge (safe; 12% risk of failure)
Confirm with . or Enter, or press ? or * to list all spells.
You feel a surge of power!
The lemure is struck by an arc of lightning.
The lemure is severely wounded.
Pikel is struck by an arc of lightning.
Pikel is severely wounded.
The lightning grounds out.
Pikel is struck by an arc of lightning.
Pikel is almost dead.
You resist.
You are struck by an arc of lightning.
The lemure barely misses you.
Pikel hits you with a +2 whip of flaming!
* * * LOW HITPOINT WARNING * * *
Pikel burns you.
* * * LOW HITPOINT WARNING * * *
The lemure misses you.
Pikel hits you with a +2 whip of flaming!
You die...

#.##.####...###.#.# #.#
..#..#..###.....#.# #.#
.##.##....##.##.#.####.###
.#..#.....#..##.........<#
##.##....##.###.#.####.###
#...#.#..#..##..#.####.#
###...####.###.........#
#.###...#..# #..K......#
#...###...## #.5@####.##
..#.[.###.# #.######.#
.####...#.# #........#
....###...# #.########
##....##.## #.# #.....#..#
#.# #....##.## #.#
###..#..# #.# ..####.##
###.#


You could see Pikel and a lemure.

Vanquished Creatures
  A lemure (D:3)
  Jessica (D:2)
  An orc wizard (D:4)
  3 adders
  An ufetubus (D:4)
  A dart slug (D:3)
  2 orcs (D:4)
  5 bats (D:1)
  4 endoplasms
  6 giant cockroaches
  4 goblins
  4 hobgoblins
  6 jackals (D:1)
  5 kobolds
  2 quokkas
  6 ball pythons
  3 frilled lizards
  6 rats
61 creatures vanquished.

Notes
Turn   | Place    | Note
-------+----------+-------------------------------------------
     0 | D:1      | Elric the Draconian Air Elementalist began the quest for
                  | the Orb.
     0 | D:1      | Reached XP level 1. HP: 14/14 MP: 3/3
   173 | D:1      | Reached XP level 2. HP: 20/20 MP: 5/5
   531 | D:1      | Reached XP level 3. HP: 25/27 MP: 2/6
   534 | D:1      | Learned a level 2 spell: Static Discharge
   988 | D:2      | Noticed Jessica
   995 | D:2      | Killed Jessica
   996 | D:2      | Reached skill level 1 in Fighting
  1102 | D:2      | Reached XP level 4. HP: 35/35 MP: 0/7
  1171 | D:2      | Found a faded altar of an unknown god.
  1763 | D:3      | Identified the +5 ring mail of the Arcane {Harm rF+ rN+
                  | Will-}
  1846 | D:3      | Reached skill level 1 in Polearms
  2470 | D:4      | Reached skill level 1 in Shields
  2530 | D:4      | Reached XP level 5. HP: 40/40 MP: 3/8
  2689 | D:4      | Noticed a lemure
  2690 | D:4      | Noticed a lemure
  2703 | D:4      | Noticed Pikel
  2752 | D:3      | Killed a lemure
  2906 | D:4      | Noticed a lemure
  2916 | D:3      | Slain by Pikel

Illustrated notes

Levels and vault maps discovered:
D:1:      lightli_iron_boxes, layout_loops_ring
D:2:      layout_loops_ring, hellmonk_ecumenical_altar_blasted, uniq_jessica
D:3:      minmay_skewed_foursquare, layout_basic, serial_glass, glass_columns_a,
          glass_columns_c
D:4:      layout_loops_ring, nicolae_overflow_squiral,
          mainiacjoe_overflow_brackets, uniq_pikel, uniq_blork_the_orc,
          uniq_menkaure

Skill      XL: |  1  2  3  4 |
---------------+-------------+-----
Stealth        | 2 |  2.0
Dodging        | 2 |  2.4
Fighting       | 1 |  1.5
Polearms       | 1 |  1.4
Shields        | 1 |  1.1
Conjurations   | 2 |  2.0
Spellcasting   | |  2.6
Air Magic      | |  3.4

Action                   |  1- 3 |  4- 6 || total
-------------------------+-------+-------++-------
Melee: Spear             |    96 |       ||    96
       Tailslap          |    10 |     4 ||    14
       Staff             |     2 |    53 ||    55
 Cast: Shock             |    20 |    48 ||    68
       Static Discharge  |       |     5 ||     5
  Use: Potion            |       |     1 ||     1
 Stab: Sleeping          |     5 |     1 ||     6
Armor: Skin              |    37 |    26 ||    63
Dodge: Dodged            |    58 |    41 ||    99
Block: Buckler           |    12 |    18 ||    30

Table legend: (Time is in decaauts)
 A = Elapsed time spent in this place.
 B = Non-inter-level travel time spent in this place.
 C = Inter-level travel time spent in this place.
 D = Time resting spent in this place.
 E = Time spent auto-exploring this place.
 F = Levels seen in this place.
 G = Mean time per level.
                   A        B        C        D        E       F      G
               +--------+--------+--------+--------+--------+-----+--------+
         Total |   2944 |   2809 |    135 |    126 |   2172 |   4 |  736.0 |
       Dungeon |   2944 |   2809 |    135 |    126 |   2172 |   4 |  736.0 |
               +--------+--------+--------+--------+--------+-----+--------+

Top non-repeatable levels by time:
     D:1: 886 daAuts
     D:3: 842 daAuts
     D:2: 833 daAuts
     D:4: 382 daAuts
